 Dungeon Crawl Stone Soup version 0.22.1-1-ga44c0e5 (webtiles) character file.

133 Fuodd the Chopper (level 4, 0/41 HPs)
             Began as a Minotaur Berserker on Oct 3, 2018.
             Was a Believer of Trog.
             Slain by an ogre
             ... wielding a +0 giant club
              (21 damage)
             ... on level 3 of the Dungeon.
             The game lasted 00:07:44 (3267 turns).

Fuodd the Chopper (Minotaur Berserker)              Turns: 3267, Time: 00:07:48

Health: 0/41       AC:  2    Str: 23    XL:     4   Next: 93%
Magic:  3/3        EV: 12    Int:  4    God:    Trog [**....]
Gold:   78         SH:  0    Dex:  9    Spells: 3/3 levels left

rFire    . . .     SeeInvis .   a - +0 hand axe
rCold    . . .     Gourm    .   (no shield)
rNeg     . . .     Faith    .   b - +0 animal skin
rPois    .         Spirit   .   (helmet restricted)
rElec    .         Reflect  .   (no cloak)
rCorr    .         Harm     .   (no gloves)
MR       .....                  (no boots)
Stlth    +.........             (no amulet)
HPRegen  0.13/turn              (no ring)
MPRegen  0.08/turn              (no ring)

@: no status effects
A: retaliatory headbutt, horns 2
a: Berserk, Trog's Hand, Renounce Religion


You were on level 3 of the Dungeon.
You worshipped Trog.
Trog was pleased with you.
You were not hungry.

You visited 1 branch of the dungeon, and saw 3 of its levels.

You collected 78 gold pieces.

Inventory:

Hand Weapons
 a - a +0 hand axe (weapon)
Missiles
 j - 42 stones (quivered)
Armour
 b - a +0 animal skin (worn)
 m - a +4 ring mail of magic resistance
Scrolls
 d - 5 scrolls of identify {unknown}
 e - 3 scrolls of amnesia {unknown}
 f - 5 scrolls of remove curse {unknown}
 h - 2 scrolls of random uselessness {unknown}
 k - a scroll of teleportation {unknown}
 l - a scroll of enchant weapon {unknown}
 p - a scroll of blinking {unknown}
Potions
 g - 2 potions of heal wounds {unknown}
 i - a potion of mutation {unknown}
 n - a potion of lignification {unknown}
 o - 3 potions of curing {unknown}
Comestibles
 c - 7 rations
 q - 4 chunks of flesh


   Skills:
 + Level 4.7 Fighting
 + Level 5.4 Axes
 + Level 2.6 Armour
 + Level 2.9 Dodging
 + Level 0.7 Stealth


You had 3 spell levels left.
You didn't know any spells.
Your spell library was empty.

Dungeon Overview and Level Annotations

Branches:
Dungeon (3/15)

Altars:

Annotations:
D:3 2 exclusions, Sigmund


Innate Abilities, Weirdness & Mutations

You reflexively headbutt those who attack you in melee.
You have a pair of horns on your head.


Message History

Trog accepts your kill.
You slash the leopard gecko!
You kill the leopard gecko!
Trog accepts your kill. The gnoll closely misses you.
You hit the ogre.
The ogre is lightly wounded.
The gnoll hits you from afar with a halberd!
The ogre closely misses you. You furiously retaliate!
You headbutt the ogre! You slash the ogre! You headbutt the ogre.
The ogre is almost dead.
The gnoll closely misses you.
You barely miss the ogre. Your headbutt misses the ogre.
The ogre is almost dead.
You hit the kobold.
You kill the kobold!
Trog accepts your kill. The ogre hits you with a giant club!!
Ouch! That really hurt!
You die...

#.# .. #.# #.# #.###>#
#.# ##.##..# #.#
##.....<#### #.#
#..#........ #.#
#.......###. .
#.###.#.)...#...
.%).#####.............#.
.$(...O@............###.
(....g).............# #.
###.#########.#.###.# #.
# #.#.###)###.
#.#.........
#...........
###########. #. #.


You could see an ogre and a gnoll.

Vanquished Creatures
  Terence (D:2)
  A gnoll (D:3)
  2 adders
  6 worms
  3 leopard geckos
  3 orcs (D:3)
  2 bats
  4 giant cockroaches
  2 goblins (D:1)
  8 hobgoblins
  4 jackals (D:3)
  A quokka (D:3)
  2 ball pythons
  4 frilled lizards
  6 kobolds
  A quokka skeleton (D:2)
  8 rats
58 creatures vanquished.

Notes
Turn   | Place    | Note
-------+----------+-------------------------------------------
     0 | D:1      | Fuodd the Minotaur Berserker began the quest for the Orb.
     0 | D:1      | Reached XP level 1. HP: 19/19 MP: 0/0
   291 | D:1      | Reached XP level 2. HP: 27/27 MP: 1/1
   405 | D:1      | Reached skill level 4 in Axes
  1227 | D:2      | Reached XP level 3. HP: 16/33 MP: 2/2
  2002 | D:2      | Noticed Terence
  2022 | D:2      | Killed Terence
  2022 | D:2      | Reached ** piety under Trog
  2022 | D:2      | Reached XP level 4. HP: 41/41 MP: 3/3
  2309 | D:3      | Reached skill level 5 in Axes
  2775 | D:3      | Noticed Sigmund
  3256 | D:3      | Noticed an ogre
  3267 | D:3      | Slain by an ogre

Skill      XL: |  1  2  3  4 |
---------------+-------------+-----
Axes           | 4 5 |  5.4
Fighting       | 4 |  4.7
Armour         | |  2.6
Dodging        | |  2.9
Stealth        | |  0.7

Action                   |  1- 3 |  4- 6 || total
-------------------------+-------+-------++-------
Melee: Hand axe          |    74 |    62 ||   136
       Headbutt          |    12 |    11 ||    23
Throw: Stone             |     1 |       ||     1
  Eat: Chunk             |     3 |     4 ||     7
Armor: Animal skin       |     6 |     5 ||    11
Dodge: Dodged            |    39 |    41 ||    80
